[Event "Team 45 45 League T70"]
[Site "Internet Chess Club"]
[Date "2016.09.30"]
[Round "4"]
[White "jonesey"]
[Black "XNPchess"]
[Result "0-1"]
[WhiteElo "1946"]
[BlackElo "2005"]
[Opening "Philidor: Improved Hanham variation"]
[ECO "B07"]
[Time "15:01:35"]
[TimeControl "2700+45"]

1. e4 d6 2. Nf3 Nf6 3. Nc3 e5 4. d4 Nbd7 5. Be2 Be7 6. O-O c6 7. a4 a5 8. Re1
O-O 9. Bf1 exd4 10. Qxd4 Ne5 11. Nxe5 dxe5 12. Qxd8 Rxd8 13. Be3 Be6 14. Bb6
Rdc8 15. Rad1 Nd7 16. Be3 Bb4 17. Bc4 Nc5 18. Bxe6 Nxe6 19. Rd7 b5 20. Ra1 Bxc3
21. bxc3 bxa4 22. Kf1 Rcb8 23. Ke2 Kf8 24. Rxa4 Rb2 25. Kd2 Rb1 26. Ba7 Ke8
{White resigns} 0-1

[Event "Team 45 45 League T70"]
[Site "Internet Chess Club"]
[Date "2016.10.01"]
[Round "4"]
[White "anna"]
[Black "fledermaus"]
[Result "1/2-1/2"]
[WhiteElo "1809"]
[BlackElo "1868"]
[Opening "Sicilian: Alapin's variation (2.c3)"]
[ECO "B22"]
[Time "14:30:29"]
[TimeControl "2700+45"]

1. e4 c5 2. c3 d5 3. exd5 Qxd5 4. d4 Nf6 5. Nf3 Bg4 6. Be2 e6 7. O-O Nc6 8. Na3
cxd4 9. Nb5 Rc8 10. Nbxd4 Nxd4 11. Nxd4 Bxe2 12. Qxe2 Be7 13. Rd1 a6 14. Be3 O-O
15. Nf3 Qa5 16. Bd4 Rfd8 17. a3 Nd7 18. Ne5 Nxe5 19. Qxe5 Qxe5 20. Bxe5 f6 21.
Bd4 Kf7 22. Bb6 Rd6 23. Rxd6 Bxd6 24. Rd1 Rc6 25. Be3 b5 26. h3 e5 27. Kf1 Ke6
28. Ke2 f5 29. f3 {Game drawn by mutual agreement} 1/2-1/2

[Event "Team 45 45 League T70"]
[Site "Internet Chess Club"]
[Date "2016.10.03"]
[Round "4"]
[White "LookImYourVader"]
[Black "ausya"]
[Result "1/2-1/2"]
[WhiteElo "1781"]
[BlackElo "1674"]
[Opening "Sicilian: Hungarian variation"]
[ECO "B27"]
[Time "18:00:24"]
[TimeControl "2700+45"]

1. e4 c5 2. Nf3 g6 3. c3 Bg7 4. Bc4 e6 5. d4 cxd4 6. cxd4 d5 7. exd5 exd5 8.
Qe2+ Ne7 9. Bb5+ Bd7 10. Bg5 f6 11. Bf4 O-O 12. O-O Re8 13. Bxd7 Qxd7 14. Nc3 a6
15. Rfe1 Nbc6 16. Qe6+ Qxe6 17. Rxe6 Nf5 18. Rae1 Rxe6 19. Rxe6 Kf7 20. Re1
Ncxd4 21. Nxd4 Nxd4 22. Nxd5 Rd8 23. Nc3 b5 24. a3 {Game drawn by mutual
agreement} 1/2-1/2

[Event "Team 45 45 League T70"]
[Site "Internet Chess Club"]
[Date "2016.10.02"]
[Round "4"]
[White "Elton2013"]
[Black "OzymandiasVII"]
[Result "1-0"]
[WhiteElo "1785"]
[BlackElo "1674"]
[Opening "QGD semi-Slav"]
[ECO "D43"]
[Time "11:00:15"]
[TimeControl "2700+45"]

1. d4 d5 2. c4 e6 3. Nc3 c6 4. Nf3 Nf6 5. Bg5 Be7 6. e3 O-O 7. Qc2 Nbd7 8. cxd5
Nxd5 9. Nxd5 exd5 10. Bxe7 Qxe7 11. Bd3 Nf6 12. O-O Ne4 13. Ne5 f6 14. Nf3 Bg4
15. Ne1 Bh5 16. Kh1 f5 17. Be2 Bg6 18. Nf3 f4 19. Bd3 fxe3 20. fxe3 Rf6 21. Ne5
Raf8 22. Nxg6 Rxg6 23. Rxf8+ Qxf8 24. Bxe4 dxe4 25. Qxe4 Rf6 26. h3 h6 27. Qd3
Rf2 28. b3 Qf6 29. Kg1 Rf5 30. Rf1 Rxf1+ 31. Qxf1 Qg5 32. Qe1 Qd5 33. Qh4 a5 34.
Qf4 Kh7 35. g4 Kg6 36. h4 h5 37. Kh2 hxg4 38. Qxg4+ Kf6 39. h5 Qf5 40. Kg3 b5
41. e4 Qf1 42. Qg6+ Ke7 43. Qxg7+ Kd8 44. Qg5+ Ke8 45. Qe5+ Kd8 46. Qd6+ Ke8 47.
Qxc6+ Kf8 48. Qc5+ Kg8 49. Qg5+ Kh8 50. Qe5+ Kg8 51. Qe6+ Kh8 52. Qh6+ Kg8 53.
Qe3 Qh1 54. h6 Kh7 55. d5 Qh5 56. Qf4 Qg6+ 57. Qg4 Qd6+ 58. Kh3 Kxh6 59. Qh4+
Kg6 60. Qg3+ Qxg3+ 61. Kxg3 Kf6 62. Kf4 {Black resigns} 1-0

[Event "Team 45 45 League T70"]
[Site "Internet Chess Club"]
[Date "2016.10.02"]
[Round "4"]
[White "modiglani"]
[Black "Yedixon"]
[Result "1-0"]
[WhiteElo "1825"]
[BlackElo "1710"]
[Opening "Caro-Kann defense"]
[ECO "B15"]
[Time "11:20:02"]
[TimeControl "2700+45"]

1. d4 d5 2. Nc3 c6 3. e4 dxe4 4. Nxe4 e5 5. dxe5 Qa5+ 6. Bd2 Qxe5 7. Qe2 Nf6 8.
Nxf6+ gxf6 9. Bc3 Qxe2+ 10. Bxe2 Be7 11. O-O-O O-O 12. Nf3 Be6 13. g4 Nd7 14.
Nd4 Nc5 15. h4 Ne4 16. Be1 Rad8 17. f3 Nc5 18. b3 Bd6 19. Bc3 Rfe8 20. Nxe6 Rxe6
21. Bc4 Bf4+ 22. Kb2 Red6 23. Rxd6 Rxd6 24. Re1 Bd2 25. Re7 Bxc3+ 26. Kxc3 Rd7
27. Bxf7+ Kf8 28. Rxd7 Nxd7 29. Be6 Ne5 30. f4 Ng6 31. Bf5 Nxh4 32. Bc8 b6 33.
Kd3 Ng6 34. Ke4 Ne7 35. Bd7 h6 36. c4 Kg7 37. b4 Kg6 38. a4 f5+ 39. gxf5+ Kf6
40. Be6 h5 41. Bd7 h4 42. Kf3 Nxf5 43. Kg4 c5 44. Bxf5 {Black resigns} 1-0

[Event "Team 45 45 League T70"]
[Site "Internet Chess Club"]
[Date "2016.10.03"]
[Round "4"]
[White "roji"]
[Black "LittleButton"]
[Result "1/2-1/2"]
[WhiteElo "1847"]
[BlackElo "1818"]
[Opening "Queen's pawn, Mason variation"]
[ECO "D00"]
[Time "17:12:57"]
[TimeControl "2700+45"]

1. d4 d5 2. Bf4 e6 3. e3 Bd6 4. Bg3 Nf6 5. Nd2 O-O 6. Bd3 c5 7. c3 Nc6 8. Ngf3
Qc7 9. dxc5 Bxg3 10. hxg3 e5 11. Ng5 e4 12. Bb5 h6 13. Nh3 Bg4 14. Be2 Bxe2 15.
Qxe2 Ne5 16. Nf4 Qxc5 17. O-O-O a5 18. Nb3 Qc6 19. Nd4 Qc4 20. Qxc4 dxc4 21. Nf5
Nfg4 22. Rd2 Rad8 23. f3 Rxd2 24. Kxd2 exf3 25. gxf3 Nxf3+ 26. Ke2 Nfe5 27. Rd1
Nf6 28. Rd6 Nfd7 {Game drawn by mutual agreement} 1/2-1/2

[Event "Team 45 45 League T70"]
[Site "Internet Chess Club"]
[Date "2016.10.01"]
[Round "4"]
[White "Harmonicus"]
[Black "backrankbrawler"]
[Result "1-0"]
[WhiteElo "1946"]
[BlackElo "1734"]
[Opening "Bishop's opening: Berlin defense"]
[ECO "C24"]
[Time "20:48:46"]
[TimeControl "2700+45"]

1. e4 e5 2. Bc4 Nf6 3. d3 Nc6 4. Nc3 Be7 5. f4 d6 6. Nf3 Bg4 7. O-O O-O 8. Qe1
Bxf3 9. gxf3 Nd4 10. Qf2 c6 11. Be3 b5 12. Bxd4 exd4 13. Qxd4 bxc4 14. Qxc4 Qb6+
15. Kh1 Qxb2 16. Rab1 Qxc2 17. Nd5 Qxc4 18. Nxe7+ Kh8 19. dxc4 Nh5 20. Rb7 Nxf4
21. Nf5 d5 22. Rg1 g6 23. Nd6 Kg7 24. exd5 cxd5 25. Rg4 Nd3 26. Rd4 dxc4 27.
Rxc4 Rad8 28. Rd4 Nc5 29. Rxa7 Ne6 30. Rd2 Rb8 31. Kg2 Ra8 32. Rb7 Rab8 33. Rd7
Nc5 34. Rc7 Ne6 35. Re7 Kf6 36. Ra7 Ra8 37. Rd7 Nc5 38. Rc7 Ne6 39. Ne4+ Kg7 40.
Rb7 Rab8 41. Rbd7 Rfd8 42. Kg3 Rxd7 43. Rxd7 Rd8 44. Ra7 Nd4 45. Ng5 Nf5+ 46.
Kf4 Nd6 47. Ne6+ {Black resigns} 1-0

[Event "Team 45 45 League T70"]
[Site "Internet Chess Club"]
[Date "2016.09.28"]
[Round "4"]
[White "cayo89"]
[Black "GrandUnified"]
[Result "0-1"]
[WhiteElo "1716"]
[BlackElo "1575"]
[Opening "Queen's pawn, Mason variation"]
[ECO "D00"]
[Time "18:10:47"]
[TimeControl "2700+45"]

1. d4 d5 2. Bf4 e6 3. e3 c5 4. c3 Nc6 5. Nf3 Bd6 6. Bg3 b6 7. Bb5 Ne7 8. Qa4 Bb7
9. Ne5 Qc7 10. Nxc6 Nxc6 11. Nd2 O-O 12. Bxd6 Qxd6 13. f4 Ne7 14. g4 a6 15. Be2
b5 16. Qd1 cxd4 17. cxd4 b4 18. Nb3 Rfc8 19. Kf2 a5 20. Rc1 Bc6 21. Nc5 f6 22.
Nd3 e5 23. Qd2 Bb5 24. dxe5 fxe5 25. Nxe5 Be8 26. Bf3 Rd8 27. Rhd1 Ba4 28. b3
Be8 29. Qd4 Bf7 30. Rc5 Qh6 31. Kg3 Be6 32. h3 g5 33. fxg5 Qxg5 34. Qf4 Qg7 35.
Kh2 Rf8 36. Qg3 Rfd8 37. Rc7 Qf6 38. Rdc1 Rac8 39. Qf4 Qg7 40. Be2 Rf8 41. Rxc8
Bxc8 42. Qg3 Be6 43. Rc7 Qf6 44. Kg2 d4 45. exd4 Nd5 46. Rc2 Nc3 47. Bf3 Rd8 48.
Rd2 Qg5 49. Qf2 Qf4 50. Nc6 Rf8 51. Nxa5 Ne4 {White resigns} 0-1